Stars vs Blue Jackets
Created - 3 mars 2013 at 19:05
Goals
|
| Stars |
0 |
1 |
1 |
2 |
| Blue Jackets |
2 |
0 |
2 |
4 |
|
Shots
|
| Stars |
14 |
11 |
15 |
40 |
| Blue Jackets |
9 |
7 |
11 |
27 |
|
1st period
1. Blue Jackets , Vincent Lecavalier 25 (George Parros) at 8:25 (PP)
2. Blue Jackets , Andrew Ebbett 11 (Wade Redden, Sergei Brylin) at 13:38
Penalties :
Kristian Huselius (Clb) for Hooking (Minor) at 3:38, Mike Modano (Dal) for High sticking (Minor) at 8:21, Miika Kiprusoff (Dal) for Slashing (Minor) at 9:24 - Marcus Nilson served the penalty
2nd period
3. Stars , Mike Modano 17 (Alexei Kovalev, Patrik Elias) at 6:21
Penalties :
David Legwand (Dal) for Interference (Minor) at 0:17, Wade Redden (Clb) for Roughing (Minor) at 9:07
3rd period
4. Blue Jackets , Daymond Langkow 10 (Kevin Bieksa) at 19:05
5. Stars , Patrik Elias 14 (Alexei Kovalev, David Legwand) at 19:34
6. Blue Jackets , Wade Redden 3 (Brad Stuart, Vincent Lecavalier) at 19:54 (Empty Net)
Penalties :
George Parros (Clb) for Interference (Minor) at 1:37, Glen Metropolit (Dal) for Tripping (Minor) at 6:26, Andrew Ebbett (Clb) for Hooking (Minor) at 10:11, Wade Redden (Clb) for Tripping (Minor) at 14:35, Randy Jones (Dal) for High sticking (Minor) at 14:35
Goalie Stats
Miika Kiprusoff (Dal), 23 saves from 26 shots - (0,885), L, 16-20-3, 59:44 minutes
Brent Johnson (Clb), 38 saves from 40 shots - (0,950), W, 14-4-0, 60:00 minutes
Players Stats for Stars
Player Name G A P +/- PIM S H SB GA TA FO MP PP MP PK MP
------------------------------------------------------------------------------------
Alexei Kovalev 0 2 2 2 0 6 1 0 0 0 3/3 17:03 3:41 0:00
Branislav Mezei 0 0 0 0 0 0 2 2 0 0 0/0 24:15 3:12 3:46
Brendan Bell 0 0 0 -2 0 0 1 0 0 0 0/0 17:32 3:12 0:00
Cory Stillman 0 0 0 -1 0 2 3 2 0 0 0/0 20:24 4:07 3:02
David Legwand 0 1 1 0 2 4 1 0 1 1 18/31 20:36 4:07 0:53
Evgeny Artyukhin 0 0 0 0 0 1 1 2 0 0 0/0 8:14 0:08 0:00
Filip Novak 0 0 0 1 0 3 0 0 0 0 0/0 16:46 0:00 3:46
Glen Metropolit 0 0 0 -1 2 1 0 0 0 0 2/3 7:34 0:00 0:28
Jan Hlavac 0 0 0 -1 0 3 0 0 0 0 0/1 8:34 0:08 1:17
Johnny Oduya 0 0 0 0 0 3 0 0 0 0 0/0 25:42 4:44 2:15
Marcus Nilson 0 0 0 0 0 1 1 1 1 0 0/0 8:06 0:00 0:00
Mark Parrish 0 0 0 -1 0 0 0 0 0 0 1/2 6:23 0:00 0:00
Mathieu Schneider 0 0 0 0 0 2 1 1 1 2 0/0 25:42 4:44 2:15
Mike Modano 1 0 1 0 2 4 4 0 0 0 13/26 22:35 3:41 2:58
Nathan Horton 0 0 0 -1 0 2 3 1 0 2 0/2 18:46 4:07 1:42
Patrik Elias 1 1 2 2 0 2 1 0 1 0 1/1 18:29 3:41 0:00
Randy Jones 0 0 0 -2 2 0 1 0 0 0 0/0 12:33 0:00 0:00
Steve Rucchin 0 0 0 -1 0 6 0 0 0 0 2/4 12:42 0:08 1:42
Players Stats for Blue Jackets
Player Name G A P +/- PIM S H SB GA TA FO MP PP MP PK MP
------------------------------------------------------------------------------------
Ales Kotalik 0 0 0 0 0 1 2 1 1 0 0/0 10:51 0:18 2:18
Andrew Ebbett 1 0 1 0 2 4 0 0 0 0 3/9 10:35 0:18 1:06
Brad Stuart 0 1 1 1 0 2 1 1 2 1 0/0 27:23 3:18 4:25
David Booth 0 0 0 0 0 3 1 2 1 0 3/3 19:35 3:06 2:05
Daymond Langkow 1 0 1 1 0 2 1 0 0 1 3/12 17:47 2:37 1:56
Derek Morris 0 0 0 1 0 0 0 0 0 1 0/0 22:35 2:43 3:45
George Parros 0 1 1 0 2 2 1 0 0 0 0/0 21:38 3:06 2:19
Glen Murray 0 0 0 1 0 1 1 1 0 0 2/5 17:47 2:37 1:56
Greg Campbell 0 0 0 0 0 1 0 0 0 0 3/6 7:22 0:00 0:00
Jason Ward 0 0 0 0 0 0 2 0 0 0 0/0 9:13 0:18 0:00
Jay Harrison 0 0 0 -1 0 0 2 1 0 0 0/0 12:01 0:00 0:18
Kevin Bieksa 0 1 1 1 0 1 0 2 1 0 0/0 22:03 2:43 3:13
Kristian Huselius 0 0 0 -1 2 1 0 1 0 0 0/0 14:15 2:37 0:38
Michael Frolik 0 0 0 0 0 2 2 0 0 0 0/0 7:22 0:00 0:00
Sergei Brylin 0 1 1 1 0 1 3 0 0 0 1/1 8:18 0:00 0:00
Shaone Morrisonn 0 0 0 -1 0 0 1 0 0 0 0/0 10:57 0:00 0:41
Vincent Lecavalier 1 1 2 0 0 3 2 0 0 0 18/37 22:31 3:06 3:34
Wade Redden 1 1 2 2 4 3 1 4 0 1 0/0 27:47 3:18 3:30
3 Stars
1 - Patrik Elias (Dal)
2 - Vincent Lecavalier (Clb)
3 - Alexei Kovalev (Dal)
Power Play
Stars - 0 on 4 Attempt(s) - 0,00%
Blue Jackets - 1 on 4 Attempt(s) - 25,00%
Penalty Kill
Stars - 3 on 4 Attempt(s) - 75,00%
- Score 0 goal in Penalty Kill
Blue Jackets - 4 on 4 Attempt(s) - 100,00%
- Score 0 goal in Penalty Kill
Official
Referees : Ciamaga Chris and Pollock Kevin
Linesman : Thor Nelson and Derek Nansen
Game Notes
Wade Redden has scored in a empty net!
Finance
Level 1 -- Attendance: 5389 (89,82%) -- Ticket Income 485 010 $
Level 2 -- Attendance: 5000 (100,00%) -- Ticket Income 275 000 $
Level 3 -- Attendance: 1783 (89,15%) -- Ticket Income 53 490 $
Level 4 -- Attendance: 4000 (100,00%) -- Ticket Income 80 000 $
Luxury Box -- Attendance: 1000 (100,00%) -- Ticket Income 185 000 $
Game was played at the Ohio State Arena
Total Attendance: 17172 (95,40%)
Total Ticket Income: 1 078 500 $
Total Income: 1 078 500 $
Stars
5 vs 5 Forward
Center Left Wing Right Wing Time % Phy DF OF
1 David Legwand Cory Stillman Nathan Horton 40 0 1 4
2 Mike Modano Patrik Elias Alexei Kovalev 40 0 1 4
3 Steve Rucchin Marcus Nilson Evgeny Artyukhin 12 1 2 2
4 Glen Metropolit Jan Hlavac Mark Parrish 8 1 2 2
5 vs 5 Defense
Defense Defense Time % Phy DF OF
1 Mathieu Schneider Johnny Oduya 40 1 2 2
2 Branislav Mezei Filip Novak 30 1 2 2
3 Randy Jones Brendan Bell 20 1 2 2
4 Mathieu Schneider Johnny Oduya 10 1 2 2
PowerPlay Forward
Center Left Wing Right Wing Time % Phy DF OF
1 David Legwand Cory Stillman Nathan Horton 60 0 0 5
2 Mike Modano Patrik Elias Alexei Kovalev 40 0 0 5
PowerPlay Defense
Defense Defense Time % Phy DF OF
1 Mathieu Schneider Johnny Oduya 60 0 1 4
2 Branislav Mezei Brendan Bell 40 0 1 4
Penalty Kill 4 Players Forward
Center Wing Time % Phy DF OF
1 Mike Modano Cory Stillman 60 1 3 1
2 Steve Rucchin Nathan Horton 40 1 3 1
Penalty Kill 4 Players Defense
Defense Defense Time % Phy DF OF
1 Branislav Mezei Filip Novak 60 1 3 1
2 Mathieu Schneider Johnny Oduya 40 1 3 1
Penalty Kill - 3 Players Forward
Forward Time % Phy DF OF
1 Mike Modano 60 1 3 1
2 Steve Rucchin 40 1 3 1
Penalty Kill - 3 Players Defense
Defense Defense Time % Phy DF OF
1 Branislav Mezei Filip Novak 60 1 3 1
2 Mathieu Schneider Johnny Oduya 40 1 3 1
4 vs 4 Forward
Center Wing Time % Phy DF OF
1 David Legwand Patrik Elias 60 0 1 4
2 Mike Modano Cory Stillman 40 0 1 4
4 vs 4 Defense
Defense Defense Time % Phy DF OF
1 Mathieu Schneider Johnny Oduya 60 0 1 4
2 Branislav Mezei Brendan Bell 40 0 1 4
Last Minutes Offensive
Center Left Wing Right Wing Defense Defense
David Legwand Cory Stillman Nathan Horton Mathieu Schneider Johnny Oduya
Last Minutes Defensive
Center Left Wing Right Wing Defense Defense
Mike Modano Cory Stillman Nathan Horton Branislav Mezei Filip Novak
Goaltenders
Starting : Miika Kiprusoff
Backup : Chris Osgood
Extra Forwards
Normal : David Legwand, Mike Modano, Steve Rucchin - PP : Mike Modano, Steve Rucchin - PK : David Legwand
Extra Defensemen
Normal : Filip Novak, Mathieu Schneider, Branislav Mezei - PP : Brendan Bell - PK : Branislav Mezei, Brendan Bell
Penalty Shots
Mike Modano, Alexei Kovalev, Cory Stillman, Nathan Horton, Steve Rucchin
Blue Jackets
5 vs 5 Forward
Center Left Wing Right Wing Time % Phy DF OF
1 Vincent Lecavalier David Booth George Parros 40 1 2 2
2 Daymond Langkow Kristian Huselius Glen Murray 30 1 2 2
3 Andrew Ebbett Sergei Brylin Jason Ward 20 1 2 2
4 Greg Campbell Michael Frolik Ales Kotalik 10 1 2 2
5 vs 5 Defense
Defense Defense Time % Phy DF OF
1 Wade Redden Brad Stuart 40 1 2 2
2 Derek Morris Kevin Bieksa 30 1 2 2
3 Jay Harrison Shaone Morrisonn 20 1 2 2
4 Wade Redden Brad Stuart 10 1 2 2
PowerPlay Forward
Center Left Wing Right Wing Time % Phy DF OF
1 Vincent Lecavalier David Booth George Parros 60 1 2 2
2 Daymond Langkow Kristian Huselius Glen Murray 40 1 2 2
PowerPlay Defense
Defense Defense Time % Phy DF OF
1 Wade Redden Brad Stuart 60 1 2 2
2 Derek Morris Kevin Bieksa 40 1 2 2
Penalty Kill 4 Players Forward
Center Wing Time % Phy DF OF
1 Vincent Lecavalier George Parros 60 1 2 2
2 Glen Murray Daymond Langkow 40 1 2 2
Penalty Kill 4 Players Defense
Defense Defense Time % Phy DF OF
1 Wade Redden Brad Stuart 60 1 2 2
2 Derek Morris Kevin Bieksa 40 1 2 2
Penalty Kill - 3 Players Forward
Forward Time % Phy DF OF
1 Vincent Lecavalier 60 1 2 2
2 George Parros 40 1 2 2
Penalty Kill - 3 Players Defense
Defense Defense Time % Phy DF OF
1 Wade Redden Brad Stuart 60 1 2 2
2 Derek Morris Kevin Bieksa 40 1 2 2
4 vs 4 Forward
Center Wing Time % Phy DF OF
1 Vincent Lecavalier George Parros 60 1 2 2
2 Glen Murray Daymond Langkow 40 1 2 2
4 vs 4 Defense
Defense Defense Time % Phy DF OF
1 Wade Redden Brad Stuart 60 1 2 2
2 Derek Morris Kevin Bieksa 40 1 2 2
Last Minutes Offensive
Center Left Wing Right Wing Defense Defense
Vincent Lecavalier David Booth George Parros Wade Redden Brad Stuart
Last Minutes Defensive
Center Left Wing Right Wing Defense Defense
Vincent Lecavalier David Booth George Parros Wade Redden Brad Stuart
Goaltenders
Starting : Brent Johnson
Backup : Jaroslav Halak
Extra Forwards
Normal : Andrew Ebbett, Jason Ward, Ales Kotalik - PP : Andrew Ebbett, Jason Ward - PK : Ales Kotalik
Extra Defensemen
Normal : Jay Harrison, Shaone Morrisonn, Derek Morris - PP : Jay Harrison - PK : Shaone Morrisonn, Derek Morris
Penalty Shots
Vincent Lecavalier, George Parros, Glen Murray, Daymond Langkow, David Booth
% Time on Ice - Stars
Lines # - Real PCT - Wanted PCT - Time Play
Normal Forward
1 - 36% - 40% - 15:47
2 - 31% - 40% - 13:29
3 - 18% - 12% - 8:05
4 - 15% - 8% - 6:23
Normal Defense
1 - 39% - 40% - 17:10
2 - 36% - 30% - 15:42
3 - 23% - 20% - 10:03
4 - 2% - 10% - 0:49
PP Forward
1 - 54% - 60% - 4:15
2 - 46% - 40% - 3:41
PP Defense
1 - 60% - 60% - 4:44
2 - 40% - 40% - 3:12
PK Forward
1 - 72% - 60% - 4:19
2 - 28% - 40% - 1:42
PK Defense
1 - 63% - 60% - 3:46
2 - 37% - 40% - 2:15
PK3 Forward
1 - 0% - 60%
2 - 0% - 40%
PK3 Defense
1 - 0% - 60%
2 - 0% - 40%
44 Forward
1 - 79% - 60% - 1:34
2 - 21% - 40% - 0:25
44 Defense
1 - 55% - 60% - 1:05
2 - 45% - 40% - 0:54
Last Minute Offensive - 0:20
Last Minute Defensive - 0:00
Total
Forward - 60:00
Defense - 60:00
|
% Time on Ice - Blue Jackets
Lines # - Real PCT - Wanted PCT - Time Play
Normal Forward
1 - 35% - 40% - 15:13
2 - 29% - 30% - 12:51
3 - 19% - 20% - 8:18
4 - 17% - 10% - 7:22
Normal Defense
1 - 38% - 40% - 16:36
2 - 36% - 30% - 15:35
3 - 23% - 20% - 9:59
4 - 4% - 10% - 1:34
PP Forward
1 - 57% - 60% - 3:24
2 - 43% - 40% - 2:37
PP Defense
1 - 55% - 60% - 3:18
2 - 45% - 40% - 2:43
PK Forward
1 - 76% - 60% - 6:00
2 - 24% - 40% - 1:56
PK Defense
1 - 59% - 60% - 4:43
2 - 41% - 40% - 3:13
PK3 Forward
1 - 0% - 60%
2 - 0% - 40%
PK3 Defense
1 - 0% - 60%
2 - 0% - 40%
44 Forward
1 - 74% - 60% - 1:28
2 - 26% - 40% - 0:31
44 Defense
1 - 73% - 60% - 1:27
2 - 27% - 40% - 0:32
Last Minute Offensive - 0:00
Last Minute Defensive - 0:20
Total
Forward - 60:00
Defense - 60:00
|
Play by Play
1st period
0:01 of 1st period - Vincent Lecavalier wins face-off versus Nathan Horton in neutral zone.
0:03 of 1st period - Off-side.
0:04 of 1st period - Vincent Lecavalier wins face-off versus David Legwand in neutral zone.
1:15 of 1st period - Snap shot by Jan Hlavac.
1:15 of 1st period - Stopped by Brent Johnson with a rebound.
1:31 of 1st period - Icing by Shaone Morrisonn.
1:32 of 1st period - David Legwand wins face-off versus Vincent Lecavalier in Blue Jackets zone.
1:57 of 1st period - Shaone Morrisonn is hit by Patrik Elias.
2:49 of 1st period - Slapshot by Kristian Huselius.
2:49 of 1st period - Stopped by Miika Kiprusoff without a rebound.
2:50 of 1st period - Mike Modano wins face-off versus Glen Murray in Stars zone.
3:17 of 1st period - Brendan Bell is hit by Sergei Brylin and loses puck.
3:25 of 1st period - Icing by Jason Ward.
3:26 of 1st period - Mike Modano wins face-off versus Andrew Ebbett in Blue Jackets zone.
3:29 of 1st period - Wrist shot by Mike Modano.
3:29 of 1st period - Deflect By Alexei Kovalev.
3:29 of 1st period - Shot Misses the Net.
3:29 of 1st period - Puck is out of play.
3:30 of 1st period - Mike Modano wins face-off versus Glen Murray in Blue Jackets zone.
3:38 of 1st period - Minor Penalty to Kristian Huselius for Hooking.
3:39 of 1st period - Vincent Lecavalier wins face-off versus David Legwand in Blue Jackets zone.
4:20 of 1st period - Derek Morris is hit by Mike Modano.
5:04 of 1st period - Daymond Langkow is hit by Branislav Mezei and loses puck.
5:38 of 1st period - Penalty to Kristian Huselius is over, Kristian Huselius is back on ice.
6:34 of 1st period - Mike Modano is hit by Vincent Lecavalier and loses puck.
6:40 of 1st period - Branislav Mezei is hit by Jason Ward and loses puck.
6:53 of 1st period - Backhand shot by Johnny Oduya.
6:53 of 1st period - Stopped by Brent Johnson without a rebound.
6:54 of 1st period - Glen Metropolit wins face-off versus Greg Campbell in Blue Jackets zone.
7:11 of 1st period - Slapshot by Mathieu Schneider.
7:11 of 1st period - Stopped by Brent Johnson without a rebound.
7:12 of 1st period - Vincent Lecavalier wins face-off versus Mike Modano in Blue Jackets zone.
7:37 of 1st period - Daymond Langkow is hit by Marcus Nilson and loses puck.
7:42 of 1st period - Wrist shot by Marcus Nilson.
7:42 of 1st period - Stopped by Brent Johnson without a rebound.
7:43 of 1st period - David Legwand wins face-off versus Glen Murray in Blue Jackets zone.
7:54 of 1st period - Wrist shot by David Legwand.
7:54 of 1st period - Stopped by Brent Johnson without a rebound.
7:55 of 1st period - David Legwand wins face-off versus Vincent Lecavalier in Blue Jackets zone.
8:04 of 1st period - Wrist shot by David Legwand.
8:04 of 1st period - Shot Misses the Net.
8:06 of 1st period - Slapshot by Filip Novak.
8:06 of 1st period - Stopped by Brent Johnson without a rebound.
8:07 of 1st period - Mike Modano wins face-off versus Vincent Lecavalier in Blue Jackets zone.
8:08 of 1st period - Snap shot by Alexei Kovalev.
8:08 of 1st period - Stopped by Brent Johnson without a rebound.
8:09 of 1st period - Mike Modano wins face-off versus Vincent Lecavalier in Blue Jackets zone.
8:10 of 1st period - Slapshot by Alexei Kovalev.
8:10 of 1st period - Shot Blocked by Brad Stuart.
8:21 of 1st period - Minor Penalty to Mike Modano for High sticking.
8:22 of 1st period - Vincent Lecavalier wins face-off versus David Legwand in Stars zone.
8:25 of 1st period - Snap shot by Vincent Lecavalier.
8:25 of 1st period - Goal by Vincent Lecavalier - Stars : 0 - Blue Jackets : 1.
8:26 of 1st period - Daymond Langkow wins face-off versus David Legwand in neutral zone.
8:32 of 1st period - Off-side.
8:33 of 1st period - David Legwand wins face-off versus Daymond Langkow in neutral zone.
8:36 of 1st period - Glen Murray is hit by Cory Stillman and loses puck.
8:44 of 1st period - Off-side.
8:45 of 1st period - Mike Modano wins face-off versus Vincent Lecavalier in neutral zone.
9:16 of 1st period - Wrist shot by Steve Rucchin.
9:16 of 1st period - Stopped by Brent Johnson with a rebound.
9:24 of 1st period - Slapshot by Wade Redden.
9:24 of 1st period - Stopped by Miika Kiprusoff without a rebound.
9:24 of 1st period - Minor Penalty to Miika Kiprusoff for Slashing.
9:25 of 1st period - Glen Murray wins face-off versus Mike Modano in Stars zone.
11:18 of 1st period - Johnny Oduya is hit by Jason Ward and loses puck.
11:24 of 1st period - Penalty to Marcus Nilson is over, Marcus Nilson is back on ice.
11:46 of 1st period - Brendan Bell is hit by Michael Frolik and loses puck.
12:53 of 1st period - Wade Redden is hit by David Legwand and loses puck.
13:38 of 1st period - Snap shot by Andrew Ebbett.
13:38 of 1st period - Goal by Andrew Ebbett - Stars : 0 - Blue Jackets : 2.
13:39 of 1st period - David Legwand wins face-off versus Daymond Langkow in neutral zone.
14:26 of 1st period - Snap shot by Steve Rucchin.
14:26 of 1st period - Stopped by Brent Johnson without a rebound.
14:27 of 1st period - Andrew Ebbett wins face-off versus Steve Rucchin in Blue Jackets zone.
14:42 of 1st period - Wrist shot by Steve Rucchin.
14:42 of 1st period - Stopped by Brent Johnson with a rebound.
15:37 of 1st period - Off-side.
15:38 of 1st period - Patrik Elias wins face-off versus Greg Campbell in neutral zone.
15:55 of 1st period - Johnny Oduya is hit by Michael Frolik and loses puck.
16:09 of 1st period - Snap shot by Brad Stuart.
16:09 of 1st period - Stopped by Miika Kiprusoff with a rebound.
16:31 of 1st period - Snap shot by Mike Modano.
16:31 of 1st period - Deflect By Alexei Kovalev.
16:31 of 1st period - Stopped by Brent Johnson without a rebound.
16:32 of 1st period - Vincent Lecavalier wins face-off versus Nathan Horton in Blue Jackets zone.
17:04 of 1st period - Slapshot by Kevin Bieksa.
17:04 of 1st period - Stopped by Miika Kiprusoff without a rebound.
17:05 of 1st period - Vincent Lecavalier wins face-off versus David Legwand in Stars zone.
17:10 of 1st period - Snap shot by David Booth.
17:10 of 1st period - Stopped by Miika Kiprusoff with a rebound.
17:12 of 1st period - Wrist shot by George Parros.
17:12 of 1st period - Stopped by Miika Kiprusoff without a rebound.
17:13 of 1st period - Vincent Lecavalier wins face-off versus David Legwand in Stars zone.
17:16 of 1st period - Snap shot by George Parros.
17:16 of 1st period - Stopped by Miika Kiprusoff with a rebound.
17:24 of 1st period - Backhand shot by David Booth.
17:24 of 1st period - Shot Misses the Net.
17:55 of 1st period - Icing by Brad Stuart.
17:56 of 1st period - Steve Rucchin wins face-off versus Daymond Langkow in Blue Jackets zone.
18:07 of 1st period - Wrist shot by David Legwand.
18:07 of 1st period - Stopped by Brent Johnson with a rebound.
18:41 of 1st period - Randy Jones is hit by Wade Redden and loses puck.
19:13 of 1st period - Slapshot by Nathan Horton.
19:13 of 1st period - Deflect By Cory Stillman.
19:13 of 1st period - Shot Misses the Net.
19:13 of 1st period - Puck is out of play.
19:14 of 1st period - Greg Campbell wins face-off versus David Legwand in Blue Jackets zone.
19:14 of 1st period - Greg Campbell is hit by Nathan Horton.
19:23 of 1st period - Derek Morris is hit by Nathan Horton and loses puck.
19:48 of 1st period - Snap shot by Nathan Horton.
19:48 of 1st period - Stopped by Brent Johnson with a rebound.
19:50 of 1st period - Slapshot by Filip Novak.
19:50 of 1st period - Stopped by Brent Johnson without a rebound.
19:51 of 1st period - Mike Modano wins face-off versus Vincent Lecavalier in Blue Jackets zone.
2nd period
0:01 of 2nd period - Vincent Lecavalier wins face-off versus David Legwand in neutral zone.
0:17 of 2nd period - Minor Penalty to David Legwand for Interference.
0:18 of 2nd period - Vincent Lecavalier wins face-off versus Mike Modano in Stars zone.
0:19 of 2nd period - Wrist shot by David Booth.
0:19 of 2nd period - Stopped by Miika Kiprusoff without a rebound.
0:20 of 2nd period - David Booth wins face-off versus Mike Modano in Stars zone.
0:25 of 2nd period - Snap shot by Vincent Lecavalier.
0:25 of 2nd period - Stopped by Miika Kiprusoff without a rebound.
0:26 of 2nd period - Vincent Lecavalier wins face-off versus Mike Modano in Stars zone.
0:27 of 2nd period - Wrist shot by David Booth.
0:27 of 2nd period - Shot Misses the Net.
0:29 of 2nd period - Backhand shot by Brad Stuart.
0:29 of 2nd period - Stopped by Miika Kiprusoff without a rebound.
0:30 of 2nd period - Vincent Lecavalier wins face-off versus Mike Modano in Stars zone.
2:17 of 2nd period - Penalty to David Legwand is over, David Legwand is back on ice.
2:27 of 2nd period - Jason Ward is hit by Alexei Kovalev.
2:31 of 2nd period - Patrik Elias is hit by Sergei Brylin.
2:40 of 2nd period - Off-side.
2:41 of 2nd period - Mark Parrish wins face-off versus Greg Campbell in neutral zone.
2:46 of 2nd period - Glen Metropolit is hit by Ales Kotalik and loses puck.
3:24 of 2nd period - Snap shot by Greg Campbell.
3:24 of 2nd period - Stopped by Miika Kiprusoff without a rebound.
3:25 of 2nd period - Mike Modano wins face-off versus Vincent Lecavalier in Stars zone.
3:25 of 2nd period - Mike Modano is hit by David Booth.
3:37 of 2nd period - Slapshot by Alexei Kovalev.
3:37 of 2nd period - Shot Misses the Net.
3:39 of 2nd period - Wrist shot by Filip Novak.
3:39 of 2nd period - Shot Blocked by David Booth.
3:41 of 2nd period - Slapshot by Branislav Mezei.
3:41 of 2nd period - Shot Misses the Net.
4:01 of 2nd period - Snap shot by David Legwand.
4:01 of 2nd period - Shot Blocked by Wade Redden.
4:15 of 2nd period - Wrist shot by Sergei Brylin.
4:15 of 2nd period - Stopped by Miika Kiprusoff without a rebound.
4:16 of 2nd period - Sergei Brylin wins face-off versus Mike Modano in Stars zone.
5:24 of 2nd period - Snap shot by Glen Metropolit.
5:24 of 2nd period - Shot Misses the Net.
5:26 of 2nd period - Slapshot by Brendan Bell.
5:26 of 2nd period - Shot Blocked by Jay Harrison.
5:28 of 2nd period - Wrist shot by Randy Jones.
5:28 of 2nd period - Deflect By Patrik Elias.
5:28 of 2nd period - Shot Blocked by Ales Kotalik.
5:28 of 2nd period - Puck is out of play.
5:29 of 2nd period - Mike Modano wins face-off versus Vincent Lecavalier in Blue Jackets zone.
5:44 of 2nd period - Slapshot by Vincent Lecavalier.
5:44 of 2nd period - Stopped by Miika Kiprusoff without a rebound.
5:45 of 2nd period - David Legwand wins face-off versus Daymond Langkow in Stars zone.
5:50 of 2nd period - Kristian Huselius is hit by Nathan Horton and loses puck.
6:19 of 2nd period - Wrist shot by Mike Modano.
6:19 of 2nd period - Stopped by Brent Johnson with a rebound.
6:21 of 2nd period - Slapshot by Mike Modano.
6:21 of 2nd period - Goal by Mike Modano - Stars : 1 - Blue Jackets : 2.
6:22 of 2nd period - Vincent Lecavalier wins face-off versus David Legwand in neutral zone.
6:52 of 2nd period - Wrist shot by Steve Rucchin.
6:52 of 2nd period - Stopped by Brent Johnson with a rebound.
7:43 of 2nd period - Wrist shot by Derek Morris.
7:43 of 2nd period - Shot Blocked by Cory Stillman.
7:53 of 2nd period - Snap shot by Jan Hlavac.
7:53 of 2nd period - Stopped by Brent Johnson without a rebound.
7:54 of 2nd period - Glen Metropolit wins face-off versus Vincent Lecavalier in Blue Jackets zone.
7:55 of 2nd period - Slapshot by Jan Hlavac.
7:55 of 2nd period - Stopped by Brent Johnson without a rebound.
7:56 of 2nd period - Vincent Lecavalier wins face-off versus Mark Parrish in Blue Jackets zone.
9:07 of 2nd period - Minor Penalty to Wade Redden for Roughing.
9:08 of 2nd period - Glen Murray wins face-off versus David Legwand in Blue Jackets zone.
9:19 of 2nd period - Glen Murray is hit by Cory Stillman and loses puck.
11:07 of 2nd period - Penalty to Wade Redden is over, Wade Redden is back on ice.
11:13 of 2nd period - Snap shot by Wade Redden.
11:13 of 2nd period - Shot Misses the Net.
11:21 of 2nd period - Snap shot by Johnny Oduya.
11:21 of 2nd period - Shot Blocked by Wade Redden.
11:23 of 2nd period - Snap shot by Steve Rucchin.
11:23 of 2nd period - Stopped by Brent Johnson without a rebound.
11:24 of 2nd period - Greg Campbell wins face-off versus Jan Hlavac in Blue Jackets zone.
11:33 of 2nd period - Mark Parrish is hit by Ales Kotalik and loses puck.
11:52 of 2nd period - Marcus Nilson is hit by Brad Stuart and loses puck.
12:16 of 2nd period - Branislav Mezei is hit by Glen Murray and loses puck.
12:21 of 2nd period - Slapshot by Daymond Langkow.
12:21 of 2nd period - Shot Misses the Net.
12:23 of 2nd period - Snap shot by Kristian Huselius.
12:23 of 2nd period - Shot Blocked by Cory Stillman.
12:37 of 2nd period - Slapshot by Branislav Mezei.
12:37 of 2nd period - Shot Blocked by Kevin Bieksa.
13:07 of 2nd period - Kevin Bieksa is hit by Brendan Bell and loses puck.
13:18 of 2nd period - Wrist shot by Michael Frolik.
13:18 of 2nd period - Shot Misses the Net.
14:00 of 2nd period - Snap shot by Alexei Kovalev.
14:00 of 2nd period - Stopped by Brent Johnson with a rebound.
14:02 of 2nd period - Slapshot by Alexei Kovalev.
14:02 of 2nd period - Stopped by Brent Johnson without a rebound.
14:03 of 2nd period - Alexei Kovalev wins face-off versus Vincent Lecavalier in Blue Jackets zone.
14:31 of 2nd period - Slapshot by Mike Modano.
14:31 of 2nd period - Stopped by Brent Johnson with a rebound.
14:33 of 2nd period - Slapshot by Alexei Kovalev.
14:33 of 2nd period - Stopped by Brent Johnson with a rebound.
14:35 of 2nd period - Wrist shot by Mike Modano.
14:35 of 2nd period - Deflect By Vincent Lecavalier.
14:35 of 2nd period - Shot Misses the Net.
14:35 of 2nd period - Puck is out of play.
14:36 of 2nd period - David Legwand wins face-off versus Daymond Langkow in Blue Jackets zone.
14:39 of 2nd period - Snap shot by Cory Stillman.
14:39 of 2nd period - Shot Blocked by Wade Redden.
15:01 of 2nd period - Marcus Nilson is hit by Sergei Brylin and loses puck.
15:06 of 2nd period - Snap shot by Andrew Ebbett.
15:06 of 2nd period - Shot Blocked by Marcus Nilson.
15:43 of 2nd period - George Parros is hit by Mathieu Schneider and loses puck.
17:08 of 2nd period - Icing by Vincent Lecavalier.
17:09 of 2nd period - David Booth wins face-off versus Mike Modano in Blue Jackets zone.
17:34 of 2nd period - Kristian Huselius is hit by Branislav Mezei and loses puck.
17:55 of 2nd period - Snap shot by Brad Stuart.
17:55 of 2nd period - Shot Blocked by Evgeny Artyukhin.
17:57 of 2nd period - Snap shot by Andrew Ebbett.
17:57 of 2nd period - Stopped by Miika Kiprusoff without a rebound.
17:58 of 2nd period - Mike Modano wins face-off versus Andrew Ebbett in Stars zone.
18:50 of 2nd period - Wrist shot by David Booth.
18:50 of 2nd period - Shot Blocked by Branislav Mezei.
18:52 of 2nd period - Slapshot by David Booth.
18:52 of 2nd period - Shot Misses the Net.
18:54 of 2nd period - Snap shot by Kevin Bieksa.
18:54 of 2nd period - Shot Blocked by Evgeny Artyukhin.
19:36 of 2nd period - Slapshot by Cory Stillman.
19:36 of 2nd period - Stopped by Brent Johnson without a rebound.
19:37 of 2nd period - David Legwand wins face-off versus Daymond Langkow in Blue Jackets zone.
3rd period
0:01 of 3rd period - David Legwand wins face-off versus Daymond Langkow in neutral zone.
0:08 of 3rd period - Wrist shot by Cory Stillman.
0:08 of 3rd period - Stopped by Brent Johnson with a rebound.
0:10 of 3rd period - Snap shot by Cory Stillman.
0:10 of 3rd period - Deflect By David Legwand.
0:10 of 3rd period - Shot Misses the Net.
0:10 of 3rd period - Puck is out of play.
0:11 of 3rd period - Mike Modano wins face-off versus Daymond Langkow in Blue Jackets zone.
0:18 of 3rd period - Wrist shot by Daymond Langkow.
0:18 of 3rd period - Stopped by Miika Kiprusoff with a rebound.
0:20 of 3rd period - Slapshot by Glen Murray.
0:20 of 3rd period - Shot Misses the Net.
0:26 of 3rd period - Snap shot by Daymond Langkow.
0:26 of 3rd period - Shot Misses the Net.
0:41 of 3rd period - Wrist shot by Vincent Lecavalier.
0:41 of 3rd period - Shot Misses the Net.
1:07 of 3rd period - Snap shot by Glen Metropolit.
1:07 of 3rd period - Stopped by Brent Johnson without a rebound.
1:08 of 3rd period - Daymond Langkow wins face-off versus Mike Modano in Blue Jackets zone.
1:12 of 3rd period - Off-side.
1:13 of 3rd period - Alexei Kovalev wins face-off versus Daymond Langkow in neutral zone.
1:16 of 3rd period - Wrist shot by Patrik Elias.
1:16 of 3rd period - Stopped by Brent Johnson with a rebound.
1:18 of 3rd period - Wrist shot by Patrik Elias.
1:18 of 3rd period - Shot Misses the Net.
1:20 of 3rd period - Wrist shot by Alexei Kovalev.
1:20 of 3rd period - Shot Blocked by Kristian Huselius.
1:22 of 3rd period - Snap shot by Alexei Kovalev.
1:22 of 3rd period - Stopped by Brent Johnson with a rebound.
1:24 of 3rd period - Snap shot by Patrik Elias.
1:24 of 3rd period - Shot Blocked by Glen Murray.
1:26 of 3rd period - Backhand shot by Filip Novak.
1:26 of 3rd period - Stopped by Brent Johnson without a rebound.
1:27 of 3rd period - David Legwand wins face-off versus Vincent Lecavalier in Blue Jackets zone.
1:37 of 3rd period - Minor Penalty to George Parros for Interference.
1:38 of 3rd period - David Legwand wins face-off versus Vincent Lecavalier in Blue Jackets zone.
1:47 of 3rd period - Wrist shot by Cory Stillman.
1:47 of 3rd period - Shot Misses the Net.
2:29 of 3rd period - David Booth is hit by Mike Modano and loses puck.
2:45 of 3rd period - Icing by Cory Stillman.
2:46 of 3rd period - David Legwand wins face-off versus Vincent Lecavalier in Stars zone.
3:37 of 3rd period - Penalty to George Parros is over, George Parros is back on ice.
3:41 of 3rd period - Backhand shot by Ales Kotalik.
3:41 of 3rd period - Shot Misses the Net.
5:00 of 3rd period - Wrist shot by Marcus Nilson.
5:00 of 3rd period - Deflect By Evgeny Artyukhin.
5:00 of 3rd period - Stopped by Brent Johnson without a rebound.
5:01 of 3rd period - Steve Rucchin wins face-off versus Vincent Lecavalier in Blue Jackets zone.
5:04 of 3rd period - Slapshot by Steve Rucchin.
5:04 of 3rd period - Stopped by Brent Johnson without a rebound.
5:05 of 3rd period - David Booth wins face-off versus Mike Modano in Blue Jackets zone.
5:10 of 3rd period - Snap shot by David Booth.
5:10 of 3rd period - Shot Misses the Net.
5:20 of 3rd period - Wrist shot by David Booth.
5:20 of 3rd period - Stopped by Miika Kiprusoff with a rebound.
5:42 of 3rd period - Wrist shot by Nathan Horton.
5:42 of 3rd period - Shot Blocked by Wade Redden.
5:54 of 3rd period - Wade Redden is hit by Evgeny Artyukhin and loses puck.
6:17 of 3rd period - Off-side.
6:18 of 3rd period - Vincent Lecavalier wins face-off versus Glen Metropolit in neutral zone.
6:26 of 3rd period - Minor Penalty to Glen Metropolit for Tripping.
6:27 of 3rd period - Mike Modano wins face-off versus Vincent Lecavalier in Stars zone.
7:19 of 3rd period - Mike Modano is hit by Vincent Lecavalier.
7:53 of 3rd period - Mike Modano is hit by Daymond Langkow and loses puck.
8:22 of 3rd period - Slapshot by David Legwand.
8:22 of 3rd period - Stopped by Brent Johnson with a rebound.
8:26 of 3rd period - Penalty to Glen Metropolit is over, Glen Metropolit is back on ice.
8:49 of 3rd period - Icing by David Legwand.
8:50 of 3rd period - Andrew Ebbett wins face-off versus David Legwand in Stars zone.
8:53 of 3rd period - Snap shot by Andrew Ebbett.
8:53 of 3rd period - Stopped by Miika Kiprusoff with a rebound.
9:56 of 3rd period - David Legwand is hit by Shaone Morrisonn.
10:11 of 3rd period - Minor Penalty to Andrew Ebbett for Hooking.
10:12 of 3rd period - Vincent Lecavalier wins face-off versus Mike Modano in Blue Jackets zone.
10:12 of 3rd period - Vincent Lecavalier is hit by Mike Modano.
12:11 of 3rd period - Penalty to Andrew Ebbett is over, Andrew Ebbett is back on ice.
12:19 of 3rd period - Snap shot by Andrew Ebbett.
12:19 of 3rd period - Shot Misses the Net.
12:25 of 3rd period - Sergei Brylin is hit by Randy Jones and loses puck.
12:36 of 3rd period - Slapshot by Wade Redden.
12:36 of 3rd period - Stopped by Miika Kiprusoff with a rebound.
12:38 of 3rd period - Wrist shot by Michael Frolik.
12:38 of 3rd period - Stopped by Miika Kiprusoff without a rebound.
12:39 of 3rd period - Greg Campbell wins face-off versus Steve Rucchin in Stars zone.
12:40 of 3rd period - Snap shot by Michael Frolik.
12:40 of 3rd period - Shot Misses the Net.
12:42 of 3rd period - Wrist shot by Ales Kotalik.
12:42 of 3rd period - Shot Misses the Net.
12:44 of 3rd period - Slapshot by Michael Frolik.
12:44 of 3rd period - Stopped by Miika Kiprusoff with a rebound.
12:46 of 3rd period - Snap shot by Ales Kotalik.
12:46 of 3rd period - Stopped by Miika Kiprusoff without a rebound.
12:47 of 3rd period - Alexei Kovalev wins face-off versus Vincent Lecavalier in Stars zone.
13:00 of 3rd period - David Booth is hit by Mike Modano and loses puck.
14:27 of 3rd period - Snap shot by Nathan Horton.
14:27 of 3rd period - Stopped by Brent Johnson with a rebound.
14:29 of 3rd period - Slapshot by Mathieu Schneider.
14:29 of 3rd period - Stopped by Brent Johnson without a rebound.
14:30 of 3rd period - Daymond Langkow wins face-off versus David Legwand in Blue Jackets zone.
14:30 of 3rd period - Daymond Langkow is hit by Cory Stillman.
14:35 of 3rd period - Minor Penalty to Wade Redden for Tripping.
14:35 of 3rd period - Minor Penalty to Randy Jones for High sticking.
14:36 of 3rd period - David Legwand wins face-off versus Vincent Lecavalier in neutral zone.
15:18 of 3rd period - Icing by George Parros.
15:19 of 3rd period - David Legwand wins face-off versus Vincent Lecavalier in Blue Jackets zone.
15:28 of 3rd period - Patrik Elias is hit by George Parros.
15:40 of 3rd period - Slapshot by Mike Modano.
15:40 of 3rd period - Shot Blocked by Kevin Bieksa.
15:42 of 3rd period - Snap shot by Mike Modano.
15:42 of 3rd period - Stopped by Brent Johnson without a rebound.
15:43 of 3rd period - Vincent Lecavalier wins face-off versus Mike Modano in Blue Jackets zone.
16:02 of 3rd period - David Legwand is hit by Jay Harrison and loses puck.
16:13 of 3rd period - Snap shot by Glen Murray.
16:13 of 3rd period - Stopped by Miika Kiprusoff without a rebound.
16:14 of 3rd period - Vincent Lecavalier wins face-off versus Mike Modano in Stars zone.
16:35 of 3rd period - Penalty to Wade Redden is over, Wade Redden is back on ice.
16:35 of 3rd period - Penalty to Randy Jones is over, Randy Jones is back on ice.
16:37 of 3rd period - Snap shot by Glen Murray.
16:37 of 3rd period - Shot Misses the Net.
16:39 of 3rd period - Wrist shot by Glen Murray.
16:39 of 3rd period - Shot Misses the Net.
16:41 of 3rd period - Snap shot by Kevin Bieksa.
16:41 of 3rd period - Shot Misses the Net.
16:47 of 3rd period - Wrist shot by Glen Murray.
16:47 of 3rd period - Shot Blocked by Branislav Mezei.
16:49 of 3rd period - Slapshot by Kevin Bieksa.
16:49 of 3rd period - Shot Misses the Net.
17:59 of 3rd period - Snap shot by Steve Rucchin.
17:59 of 3rd period - Shot Misses the Net.
19:05 of 3rd period - Snap shot by Daymond Langkow.
19:05 of 3rd period - Goal by Daymond Langkow - Stars : 1 - Blue Jackets : 3.
19:06 of 3rd period - David Legwand wins face-off versus Andrew Ebbett in neutral zone.
19:11 of 3rd period - Wrist shot by David Legwand.
19:11 of 3rd period - Stopped by Brent Johnson without a rebound.
19:12 of 3rd period - Andrew Ebbett wins face-off versus David Legwand in Blue Jackets zone.
19:21 of 3rd period - Snap shot by Andrew Ebbett.
19:21 of 3rd period - Stopped by Miika Kiprusoff with a rebound.
19:26 of 3rd period - Off-side.
19:27 of 3rd period - David Legwand wins face-off versus Andrew Ebbett in neutral zone.
19:29 of 3rd period - Mathieu Schneider is hit by Jay Harrison and loses puck.
19:32 of 3rd period - Slapshot by Johnny Oduya.
19:32 of 3rd period - Deflect By Kristian Huselius.
19:32 of 3rd period - Stopped by Brent Johnson without a rebound.
19:33 of 3rd period - David Legwand wins face-off versus Andrew Ebbett in Blue Jackets zone.
19:34 of 3rd period - Wrist shot by Alexei Kovalev.
19:34 of 3rd period - Deflect By Patrik Elias.
19:34 of 3rd period - Goal by Patrik Elias - Stars : 2 - Blue Jackets : 3.
19:35 of 3rd period - David Legwand wins face-off versus Vincent Lecavalier in neutral zone.
19:38 of 3rd period - Stars, Miika Kiprusoff is pulled from the net.
19:38 of 3rd period - Wrist shot by David Legwand.
19:38 of 3rd period - Shot Blocked by David Booth.
19:48 of 3rd period - Wrist shot by Vincent Lecavalier.
19:48 of 3rd period - Shot Blocked by Mathieu Schneider.
19:50 of 3rd period - Wrist shot by Brad Stuart.
19:50 of 3rd period - Shot Blocked by Nathan Horton.
19:52 of 3rd period - Wrist shot by Brad Stuart.
19:52 of 3rd period - Shot Misses the Net.
19:54 of 3rd period - Snap shot by Wade Redden.
19:54 of 3rd period - Goal by Wade Redden - Stars : 2 - Blue Jackets : 4.
19:54 of 3rd period - Miika Kiprusoff from Stars was sent back in the game.
19:55 of 3rd period - Mike Modano wins face-off versus Andrew Ebbett in neutral zone.
19:58 of 3rd period - Slapshot by Johnny Oduya.
19:58 of 3rd period - Stopped by Brent Johnson with a rebound.
Output by the SimonT Hockey Simulator (STHS) for François Prévost -- Original Page W3C XHTML 1.0 Valid